 Dungeon Crawl Stone Soup version 0.26.1-11-gd32895ea62 (webtiles) character file.

Game seed: 17615265111126534438

54660 raph the Geomancer (level 14, -4/82 HPs)
             Began as a Deep Elf Earth Elementalist on Apr 25, 2021.
             Was a High Priest of Vehumet.
             Slain by an orc warrior
             ... wielding a cursed -1 trident
              (31 damage)
             ... on level 2 of the Orcish Mines.
             The game lasted 01:14:01 (36023 turns).

raph the Geomancer (Deep Elf Earth Elementalist)   Turns: 36023, Time: 01:14:02

Health: -4/82      AC:  6    Str: 11    XL:     14   Next: 35%
Magic:  4/31       EV: 22    Int: 29    God:    Vehumet [*****.]
Gold:   513        SH:  2    Dex: 22    Spells: 5/36 levels left

rFire    + . .     SeeInvis +   b - staff of earth
rCold    + . .     Faith    .   x - -4 buckler "Ikheiki" {Will+ Str+6}
rNeg     . . .     Spirit   .   A - +2 steam dragon scales
rPois    +         Reflect  .   s - +1 helmet
rElec    .         Harm     .   Z - scarf {repulsion}
rCorr    .         Rampage  .   N - +0 pair of gloves
Will     ++++.                  (no boots)
Stlth    +++++.....             K - amulet "Kugamudy" {Inacc +Blink rC+ Dex+4 SInv}
HPRegen  0.23/turn              t - ring of Zadd {rPois rF+ Dex+3}
MPRegen  0.22/turn              J - ring of the Mage {Wiz Will++ Int+3}

@: corroded, repel missiles
A: no striking features
a: Renounce Religion, Evoke Blink


You were on level 2 of the Orcish Mines.
You worshipped Vehumet.
Vehumet was extremely pleased with you.
You visited 3 branches of the dungeon, and saw 20 of its levels.
You also visited: Bailey, Gauntlet and Volcano.

You collected 1365 gold pieces.
You spent 852 gold pieces at shops.

Inventory:

Hand Weapons
 a - a +4 short sword of venom
 T - a +2 rapier of flaming
Missiles
 y - 417 stones
Armour
 s - a +1 helmet (worn)
 x - the -4 buckler "Ikheiki" (worn) {Will+ Str+6}
   (You found it on level 6 of the Dungeon)

   It affects your strength (+6).
   It affects your willpower, your defense against some magical effects.
 A - +2 steam dragon scales (worn)
 N - a +0 pair of gloves (worn)
 S - +0 fire dragon scales
 Z - a scarf of repulsion (worn)
Magical Staves
 b - an uncursed staff of earth (weapon)
 w - an uncursed staff of air
 I - an uncursed staff of conjuration
Jewellery
 j - an uncursed ring of protection from cold
 l - a +4 ring of evasion
 t - the ring of Zadd (left hand) {rPois rF+ Dex+3}
   (You took it off a minotaur in a Gauntlet)

   [ring of protection from fire]

   It affects your dexterity (+3).
   It protects you from fire.
   It protects you from poison.
 J - the ring of the Mage (right hand) {Wiz Will++ Int+3}
   (You bought it in a shop on level 2 of the Orcish Mines)

   [ring of wizardry]

   It improves your spell success rate.
   It affects your intelligence (+3).
   It affects your willpower, your defense against some magical effects.
 K - the amulet "Kugamudy" (around neck) {Inacc +Blink rC+ Dex+4 SInv}
   (You found it on level 9 of the Dungeon)

   [amulet of inaccuracy]

   It reduces the accuracy of all your attacks.
   It affects your dexterity (+4).
   It protects you from cold.
   It lets you see invisible.
   It lets you blink.
 U - an uncursed ring of magical power
Wands
 c - a wand of disintegration (14)
 i - a wand of acid (2)
 v - a wand of paralysis (14)
 G - a wand of iceblast (24)
 M - a wand of digging (12)
 Q - a wand of flame (36)
Scrolls
 d - 8 scrolls of remove curse
 e - 11 scrolls of identify
 f - 14 scrolls of teleportation
 h - 6 scrolls of immolation
 p - a scroll of acquirement
 q - 4 scrolls of fog
 B - 2 scrolls of magic mapping
 C - a scroll of amnesia
 L - 2 scrolls of blinking
Potions
 g - 4 potions of lignification
 k - 2 potions of cancellation
 m - 10 potions of curing
 n - 5 potions of haste
 o - 3 potions of attraction
 r - 2 potions of flight
 u - 4 potions of heal wounds
 z - 2 potions of ambrosia
 D - a potion of berserk rage
 E - a potion of might
 F - a potion of mutation
 H - 4 potions of brilliance
 P - 2 potions of magic
 R - 2 potions of resistance
Miscellaneous
 V - a phial of floods


   Skills:
 + Level 7.0 Fighting
 + Level 10.7 Dodging
 + Level 11.4 Stealth
 - Level 4.0 Shields
 + Level 11.8 Spellcasting
 - Level 6.3 Conjurations
 - Level 7.2 Summonings
 - Level 1.1 Transmutations
 - Level 5.5 Ice Magic
 - Level 2.5 Air Magic
 + Level 14.2 Earth Magic
 + Level 7.9 Evocations


You had 5 spell levels left.
You knew the following spells:

 Your Spells              Type           Power        Failure   Level
a - Sandblast             Erth           100%         0%          1
b - Passwall              Tmut/Erth      62%          1%          2
c - Stone Arrow           Conj/Erth      100%         1%          3
d - Lee's Rapid Deconstr  Erth           49%          1%          5
e - Ozocubu's Armour      Ice            49%          1%          3
f - Summon Ice Beast      Ice/Summ       52%          1%          4
g - Mephitic Cloud        Conj/Pois/Air  34%          1%          3
h - Summon Lightning Spi  Summ/Air       45%          1%          4
i - Iskenderun's Mystic   Conj/Tloc      35%          1%          4
j - Swiftness             Air            31%          1%          2

Your spell library contained the following spells:

 Spells                   Type           Power        Failure   Level
 Ozocubu's Refrigeration  Ice            24%          6%          6
 Foxfire                  Conj/Fire      100%         1%          1
 Freeze                   Ice            100%         1%          1
 Magic Dart               Conj           100%         1%          1
 Shock                    Conj/Air       100%         1%          1
 Sting                    Tmut/Pois      80%          1%          1
 Blink                    Tloc           N/A          1%          2
 Call Imp                 Summ           56%          1%          2
 Poisonous Vapours        Pois/Air       48%          1%          2
 Slow                     Hex            17%          1%          2
 Conjure Flame            Conj/Fire      35%          1%          3
 Frozen Ramparts          Ice            98%          1%          3
 Ignite Poison            Fire/Tmut/Pois 19%          1%          3
 Inner Flame              Hex/Fire       17%          1%          3
 Static Discharge         Conj/Air       42%          1%          3
 Airstrike                Air            15%          1%          4
 Hailstorm                Conj/Ice       50%          1%          4
 Petrify                  Tmut/Erth      75%          1%          4
 Sticky Flame             Conj/Fire      35%          1%          4
 Lightning Bolt           Conj/Air       21%          1%          5
 Olgreb's Toxic Radiance  Pois           17%          3%          4
 Fireball                 Conj/Fire      17%          3%          5
 Gell's Gravitas          Tloc           8%           4%          3
 Portal Projectile        Hex/Tloc       34%          4%          3
 Silence                  Hex/Air        12%          21%         5
 Conjure Ball Lightning   Conj/Air       21%          9%          6
 Dispersal                Tloc           8%           86%         6
 Disjunction              Tloc           8%           100%        8
 Tornado                  Air            15%          100%        9


Dungeon Overview and Level Annotations

Branches:
Dungeon (13/15)            Temple (0/1) D:6            Lair (5/6) D:11
  Swamp (0/4) Lair:3       Spider (0/4) Lair:4          Orc (2/2) D:12
    Elf (0/3) Orc:2        Bailey (visited)         Volcano (visited)
Gauntlet (visited)
  Slime: Lair:5-6    Vaults: D:13-14

Altars:
Ashenzari
Cheibriados
Fedhas
Kikubaaqudgha
Makhleb
Nemelex Xobeh
Okawaru
Qazlal
Trog
Vehumet
Wu Jian
Xom
Yredelemnul
Zin

Shops:
D:5 !   D:6 }   Orc:2 =

Annotations:
D:8 1 exclusion
Lair:5 2 transporters, Wolly's ghost, journeyman CeAM
Orc:2 2 transporters, arta456's ghost, journeyman DgCj


Message History

The orc knight roars a battlecry!
The orc warrior goes into a battle-frenzy!
The orc knight roars a battlecry!
The orc sorcerer goes into a battle-frenzy!
The orc warrior completely misses you.
An orc warrior comes into view. It is wielding a -1 mace.
The orc warrior hits you with a cursed -1 trident.
The orc warrior shouts!
You hit the orc warrior but do no damage.
You shatter the orc warrior!
The orc warrior is moderately wounded.
The rust devil hits you. The rust devil corrodes you!
The orc warrior barely misses you. The rust devil barely misses you.
The orc sorcerer casts a spell at you.
The bolt of fire hits the rust devil.
The rust devil completely resists.
The bolt of fire misses you.
The bolt of fire hits the fungus!!!
The fungus begins to die.
The orc warrior hits you from afar with a cursed -1 trident!!
You die...

....##.# #.######......#
.....#####....##......##
#..#.###......##.#...##
#..)..###.©O###..#....###
##.##.))#####...#.......##
.######...).=............#
## #######..o........## #
#....4o.......# #
#....@.o......## .#
###..........P..# ##
...##...P........# #
...........∩.....#
#.......8o......#
##..............#
##............##
###.......[....##
##.......)...).#.##


You could see an orc knight, a rust devil (summoned), an orc sorcerer (strong)
and 2 orc warriors.

Vanquished Creatures
  An orc warlord (Orc:1)
  A minotaur (Gauntlet)
  Snorg (Orc:1)
  A hydra (Lair:4)
  Harold (D:7)
  Erica (Lair:2)
  3 two-headed ogres
  A queen ant (Gauntlet)
  4 orc high priests
  3 sixfirhies (Gauntlet)
  A hell knight (Volcano)
  An unseen horror (D:10)
  5 bog bodies (Lair:3)
  Pikel (D:7)
  7 orc knights
  An orc sorcerer (Orc:2)
  An ugly thing (Volcano)
  A manticore (D:11)
  A slime creature (D:12)
  7 elephants
  A smoke demon (Volcano)
  Psyche (D:8)
  A centaur zombie (D:10)
  6 cane toads
  Maggie (D:6)
  3 komodo dragons
  2 kobold demonologists
  2 rime drakes
  A red devil (Volcano)
  4 trolls
  A jumping spider (Lair:4)
  10 blink frogs
  Prince Ribbit (D:7)
  4 wyverns
  2 spriggans (Lair:2)
  A water elemental (D:12)
  7 basilisks
  25 yaks
  A wraith (D:11)
  7 fire bats (Volcano)
  Menkaure (D:7)
  2 wargs
  5 soldier ants (Gauntlet)
  A hell hound (Volcano)
  6 water moccasins
  28 orc warriors
  4 ice beasts
  A black bear (D:11)
  2 phantoms
  2 necrophages
  3 sky beasts
  18 wolves
  6 ogres
  8 centaurs
  A lemure (D:7)
  4 big kobolds
  19 bullfrogs
  A scorpion (D:12)
  7 killer bees
  4 wights (D:10)
  5 electric eels
  3 lava snakes (Volcano)
  2 howler monkeys (D:11)
  2 bullfrog zombies
  15 orc priests
  10 hounds
  A quasit (D:11)
  4 centaur skeletons
  5 jellies
  26 orc wizards
  4 iguanas
  8 worker ants
  2 hound zombies
  A hound skeleton (D:7)
  A worker ant zombie (D:10)
  9 gnolls
  A howler monkey skeleton (D:4)
  9 adders
  A shadow imp (D:8)
  2 white imps (D:9)
  An ufetubus (D:9)
  An ooze (D:2)
  An adder skeleton (D:3)
  2 adder zombies
  A worm (D:3)
  A dart slug (D:3)
  7 leopard geckos
  80 orcs
  10 bats
  2 giant cockroaches
  16 goblins
  9 hobgoblins
  9 jackals
  4 quokkas
  2 ball pythons
  4 frilled lizards
  24 kobolds
  A leopard gecko zombie (D:5)
  7 rats
540 creatures vanquished.

Vanquished Creatures (collateral kills)
  A hell hog (Gauntlet)
  An elephant (Lair:2)
  A black mamba (Lair:5)
  A centaur skeleton (D:11)
  A cane toad (D:11)
  A kobold demonologist (Bailey)
  A troll (Orc:2)
  2 blink frogs (Lair:2)
  3 slime creatures (D:12)
  7 yaks
  A water elemental (D:12)
  5 fire bats
  A basilisk (Lair:5)
  A soldier ant (Gauntlet)
  4 orc warriors
  15 wolves
  2 bullfrogs (Lair:5)
  3 killer bees (D:11)
  7 electric eels
  7 lava snakes (Volcano)
  An orc wizard (Orc:2)
  An orc priest (Orc:2)
  3 gnolls (Bailey)
  2 orcs
  3 goblins (Bailey)
  3 hobgoblins (Bailey)
  2 kobolds (D:11)
80 creatures vanquished.

Vanquished Creatures (others)
  19 demonic plants (Gauntlet)
  38 fungi
  117 plants
174 creatures vanquished.

Grand Total: 794 creatures vanquished

Notes
Turn   | Place    | Note
-------+----------+-------------------------------------------
     0 | D:1      | raph the Deep Elf Earth Elementalist began the quest for
                  | the Orb.
     0 | D:1      | Reached XP level 1. HP: 10/10 MP: 6/6
   193 | D:1      | Reached XP level 2. HP: 15/15 MP: 4/8
   276 | D:1      | Reached skill level 4 in Earth Magic
  1054 | D:2      | Found a shimmering altar of Xom.
  1054 | D:2      | Found a snail-covered altar of Cheibriados.
  1162 | D:2      | Found a basalt altar of Yredelemnul.
  1197 | D:2      | Reached XP level 3. HP: 19/19 MP: 7/9
  1418 | D:2      | Found a faded altar of an unknown god.
  1656 | D:2      | Learned a level 2 spell: Passwall
  1660 | D:2      | Learned a level 3 spell: Stone Arrow
  1801 | D:2      | Reached skill level 5 in Earth Magic
  1805 | D:2      | Reached skill level 1 in Conjurations
  1890 | D:2      | Reached XP level 4. HP: 24/24 MP: 5/10
  3273 | D:3      | Reached XP level 5. HP: 25/28 MP: 4/11
  3306 | D:3      | Reached skill level 6 in Earth Magic
  3645 | D:3      | Reached XP level 6. HP: 12/32 MP: 2/13
  4214 | D:4      | Noticed a wyvern
  4222 | D:4      | Killed a wyvern
  4223 | D:4      | Reached skill level 7 in Earth Magic
  4317 | D:4      | Learned a level 5 spell: Lee's Rapid Deconstruction
  4428 | D:4      | Reached XP level 7. HP: 22/36 MP: 7/15
  4619 | D:4      | Reached skill level 8 in Earth Magic
  5122 | D:5      | Entered Level 5 of the Dungeon
  5122 | D:5      | Found a broken altar of Ashenzari.
  5277 | D:5      | Reached skill level 9 in Earth Magic
  5443 | D:5      | Found an iron altar of Okawaru.
  5782 | D:5      | Found an ornate altar of the Wu Jian Council.
  5799 | D:5      | Found Uxuuh's Distillery.
  5807 | D:5      | Bought a potion of heal wounds for 50 gold pieces
  5807 | D:5      | Bought a potion of heal wounds for 50 gold pieces
  5807 | D:5      | Bought a potion of heal wounds for 50 gold pieces
  5807 | D:5      | Bought a potion of curing for 30 gold pieces
  6049 | D:6      | Reached XP level 8. HP: 37/41 MP: 6/16
  6097 | D:6      | Reached skill level 10 in Earth Magic
  6220 | D:6      | Got a shimmering buckler
  6226 | D:6      | Identified the cursed -4 buckler "Ikheiki" {Will+ Str+6}
                  | (You found it on level 6 of the Dungeon)
  6296 | D:6      | Found Inadim's Gadget Boutique.
  6309 | D:6      | Found a radiant altar of Vehumet.
  6317 | D:6      | Became a worshipper of Vehumet
  6379 | D:6      | Found a glowing silver altar of Zin.
  6659 | D:6      | Found a staircase to the Ecumenical Temple.
  6661 | D:6      | Reached skill level 1 in Shields
  6723 | D:6      | Noticed Maggie
  6733 | D:6      | Killed Maggie
  6734 | D:6      | Reached skill level 11 in Earth Magic
  7708 | D:7      | Noticed Menkaure
  7710 | D:7      | Killed Menkaure
  7711 | D:7      | Reached XP level 9. HP: 45/45 MP: 10/17
  7717 | D:7      | Noticed Harold
  7873 | D:7      | Killed Harold
  7874 | D:7      | Reached skill level 1 in Fighting
  7874 | D:7      | Reached skill level 5 in Spellcasting
  8119 | D:7      | Noticed Prince Ribbit
  8121 | D:7      | Killed Prince Ribbit
  8122 | D:7      | Reached skill level 12 in Earth Magic
  8287 | D:7      | Found a burning altar of Makhleb.
  8384 | D:7      | Noticed Pikel
  8393 | D:7      | Killed Pikel
  8691 | D:7      | Found an ancient bone altar of Kikubaaqudgha.
  8990 | D:8      | Found a sparkling altar of Nemelex Xobeh.
  9098 | D:8      | Reached * piety under Vehumet
  9098 | D:8      | Offered knowledge of Foxfire by Vehumet.
  9164 | D:8      | Reached XP level 10. HP: 53/53 MP: 5/20
  9674 | D:8      | Noticed Psyche
  9676 | D:8      | Killed Psyche
 10120 | D:8      | Reached skill level 5 in Stealth
 10122 | D:8      | Offered knowledge of Magic Dart by Vehumet.
 10170 | D:8      | Reached ** piety under Vehumet
 10474 | D:8      | Learned a level 3 spell: Ozocubu's Armour
 10479 | D:8      | Learned a level 4 spell: Summon Ice Beast
 10697 | D:8      | Found a blossoming altar of Fedhas.
 10869 | D:8      | Reached skill level 1 in Summonings
 10892 | D:8      | Reached skill level 1 in Ice Magic
 10964 | D:8      | Noticed a boulder beetle
 11101 | D:8      | Noticed a red ugly thing
 11407 | D:8      | Found a bloodstained altar of Trog.
 11702 | D:9      | Reached skill level 5 in Dodging
 11840 | D:9      | Found a stormy altar of Qazlal.
 12243 | D:9      | Got a flickering diamond amulet
 12263 | D:9      | Identified the amulet "Kugamudy" {Inacc +Blink rC+ Dex+4
                  | SInv} (You found it on level 9 of the Dungeon)
 12387 | D:9      | Offered knowledge of Conjure Flame by Vehumet.
 12619 | D:9      | Noticed a two-headed ogre
 12621 | D:9      | Killed a two-headed ogre
 12622 | D:9      | Reached skill level 5 in Conjurations
 13148 | D:10     | Entered Level 10 of the Dungeon
 13230 | D:10     | Reached *** piety under Vehumet
 14002 | D:10     | Offered knowledge of Mephitic Cloud by Vehumet.
 14003 | D:10     | Reached XP level 11. HP: 60/60 MP: 18/23
 14260 | D:10     | Learned a level 3 spell: Mephitic Cloud
 14465 | D:10     | Noticed an unseen horror
 14472 | D:10     | Killed an unseen horror
 14473 | D:10     | Reached skill level 1 in Evocations
 15190 | D:11     | Noticed a two-headed ogre
 15200 | D:11     | Killed a two-headed ogre
 15418 | D:11     | Found a staircase to the Lair.
 15452 | D:11     | Reached **** piety under Vehumet
 15599 | D:11     | Reached skill level 5 in Ice Magic
 15624 | D:10     | Offered knowledge of Olgreb's Toxic Radiance by Vehumet.
 17017 | D:11     | Learned a level 4 spell: Summon Lightning Spire
 18149 | Lair:1   | Entered Level 1 of the Lair of Beasts
 19092 | Lair:1   | Reached skill level 5 in Summonings
 19094 | Lair:1   | Reached skill level 1 in Air Magic
 19748 | Lair:1   | Reached XP level 12. HP: 67/67 MP: 15/26
 20387 | Lair:2   | Noticed Erica
 20393 | Lair:2   | Killed Erica
 20728 | Lair:2   | Found a shimmering altar of Xom.
 21395 | Lair:2   | Reached skill level 13 in Earth Magic
 21438 | Lair:2   | Reached ***** piety under Vehumet
 21446 | Lair:2   | Offered knowledge of Iskenderun's Mystic Blast by Vehumet.
 21455 | Lair:2   | Reached skill level 5 in Fighting
 22466 | Lair:3   | Found a dark tunnel.
 22471 | Volcano  | Entered a volcano
 22684 | Volcano  | Reached skill level 5 in Evocations
 22950 | Volcano  | Found a burning altar of Makhleb.
 23570 | Lair:3   | Reached XP level 13. HP: 73/73 MP: 25/28
 24161 | Lair:3   | Reached skill level 10 in Spellcasting
 24325 | Lair:3   | Learned a level 4 spell: Iskenderun's Mystic Blast
 24725 | Lair:3   | Found a staircase to the Swamp.
 25882 | Lair:4   | Offered knowledge of Irradiate by Vehumet.
 26078 | Lair:4   | Found a hole to the Spider Nest.
 26519 | Lair:5   | Found a gate leading to a gauntlet.
 26534 | Gauntlet | Entered a Gauntlet
 26534 | Gauntlet | Found a transporter.
 26534 | Gauntlet | Found a transporter.
 26539 | Gauntlet | Found a transporter.
 26554 | Gauntlet | Found a transporter.
 26569 | Gauntlet | Noticed a death ooze
 26572 | Gauntlet | Found a transporter.
 26584 | Gauntlet | Found a transporter.
 26602 | Gauntlet | Found a transporter.
 26668 | Gauntlet | Found a transporter.
 26683 | Gauntlet | Found a transporter.
 26699 | Gauntlet | Found a transporter.
 26712 | Gauntlet | Found a transporter.
 26728 | Gauntlet | Found a transporter.
 26795 | Gauntlet | Found a transporter.
 26805 | Gauntlet | Found a transporter.
 26837 | Gauntlet | Found a transporter.
 26847 | Gauntlet | Found a transporter.
 26942 | Gauntlet | Reached skill level 10 in Stealth
 27920 | Gauntlet | Identified the +6 glaive of Forced Transition {drain,
                  | Int+6}
 27920 | Gauntlet | Identified the ring of Zadd {rPois rF+ Dex+3}
 27920 | Gauntlet | Noticed a minotaur
 27926 | Gauntlet | Killed a minotaur
 28039 | Gauntlet | Got jewelled swamp dragon scales
 28051 | Gauntlet | Identified the cursed +0 swamp dragon scales of Shadows and
                  | Fog {rPois rN+++ Stlth-} (You found it in a Gauntlet)
 28457 | Lair:5   | Found a transporter.
 28462 | Lair:5   | Noticed Wolly's ghost (journeyman CeAM)
 28477 | Lair:5   | Found a transporter.
 28723 | Lair:5   | Learned a level 2 spell: Swiftness
 29346 | D:12     | Found a staircase to the Orcish Mines.
 29368 | D:12     | You fall into a shaft and drop 1 floor!
 29705 | D:12     | Found a flagged portal.
 29720 | Bailey   | Entered a bailey
 30097 | Bailey   | Found an iron altar of Okawaru.
 30109 | Bailey   | Reached skill level 10 in Dodging
 33068 | Orc:1    | Entered Level 1 of the Orcish Mines
 33166 | D:12     | Reached XP level 14. HP: 41/80 MP: 4/31
 33357 | Orc:1    | Reached skill level 14 in Earth Magic
 33508 | Orc:2    | Entered Level 2 of the Orcish Mines
 33508 | Orc:2    | Found Qyinuer's Jewellery Shoppe.
 33783 | Orc:2    | Noticed Snorg
 33787 | Orc:1    | Offered knowledge of Ozocubu's Refrigeration by Vehumet.
 34032 | Orc:1    | Killed Snorg
 34637 | Orc:2    | Noticed an orc warlord
 34873 | Orc:1    | Killed an orc warlord
 35444 | Orc:2    | Bought the ring of the Mage {Wiz Will++ Int+3} for 672 gold
                  | pieces
 35444 | Orc:2    | Found the ring of the Mage {Wiz Will++ Int+3}
 35448 | Orc:2    | Found a transporter.
 35456 | Orc:2    | Found a bloodstained altar of Trog.
 35464 | Orc:2    | Identified the +7 battleaxe of Okawaru's Delight {flame,
                  | rPois Will+ Int-2 Dex+2}
 35464 | Orc:2    | Identified the +5 glaive of the Twisting Lamprey
                  | {antimagic, *Corrode rElec Int+8 Dex-4}
 35473 | Orc:2    | Noticed arta456's ghost (journeyman DgCj)
 35490 | Orc:2    | Found a transporter.
 35710 | Orc:2    | Found a staircase to the Elven Halls.
 36023 | Orc:2    | Slain by an orc warrior

Illustrated notes

Levels and vault maps discovered:
D:1:      saegor_arrival_miasma, layout_basic, chequers_jeans,
          kennysheep_another_room
D:2:      layout_basic, lemuel_coloured_pillars_altar,
          gammafunk_temple_overflow_pools, chequers_ecumenical_altar_twisty,
          minmay_puff
D:3:      layout_basic, lemuel_another_geyser
D:4:      layout_cave_pools
D:5:      layout_rooms, nzn_wu_jian_council_hall, okawaru_ov_weapons_minmay,
          ashenzari_altar_1, serial_shops, shop, corner_web_ring
D:6:      layout_loops_ring, zin_academy, lemuel_round_altar,
          minmay_temple_entry_glassed_door, serial_shops, shop,
          roderic_lattice_a, uniq_maggie
D:7:      layout_loops_ring, kennysheep_mini_moat, makhleb_blood_cavern_becter,
          uniq_pikel, uniq_menkaure, uniq_harold, uniq_prince_ribbit1
D:8:      minmay_the_grid_triangle_9x9_rhombus_full
          [minmay_the_grid_triangle_9x9_zippers_vertical,
          minmay_the_grid_triangle_9x9_semitri,
          minmay_the_grid_triangle_9x9_sparse_checkered,
          minmay_the_grid_triangle_9x9_descending_squares,
          minmay_the_grid_triangle_9x9_shrine,
          minmay_the_grid_triangle_9x9_thin_v,
          minmay_the_grid_triangle_9x9_odd_lines,
          minmay_the_grid_triangle_9x9_prize_top_heavy], layout_basic,
          kennysheep_little_box, lemuel_round_altar, uniq_psyche
D:9:      layout_loops_ring, grunt_qazlal_clouds, kennysheep_generic_room_6
D:10:     layout_layer_cave
D:11:     layout_irregular_city, david_lair_generic, serial_glass,
          glass_columns_a, glass_columns_a, glass_columns_a, glass_columns_a,
          glass_columns_a, glass_columns_b, glass_columns_b, glass_columns_a,
          glass_columns_b, glass_columns_c, glass_columns_b, glass_columns_a,
          glass_columns_b, glass_columns_a, portal_ice_cave_entry_pillars_2,
          serial_bayou_lake_a
D:12:     layout_basic, enter_bailey_6, hangedman_decor_riveting,
          minmay_misc_feat_roman, minmay_variable_closet, hex_large,
          nicolae_wand_duel, minivault_25
D:13:     layout_roguey, roderic_st_hans_cross, hive_lemuel
Lair:1:   layout_hall_layers
Lair:2:   wad_woods_stonehenge, layout_regular_city, uniq_erica
Lair:3:   layout_concentric_octagons, nicolae_swamp_entry_splash_gauntlet,
          nicolae_volcano_entry_lava_flow
Lair:4:   layout_regular_city, spider_nest_entry_rubble
Lair:5:   layout_misc_corridors, gauntlet_entry_generic,
          gammafunk_ghost_berserking_beasts, serial_bayou_shore_b,
          serial_bayou_shore_b
Orc:1:    layout_diamond_mine, serial_shops, shop, nicolae_shop_behind_doors,
          shop, nicolae_shop_statue_plus
Orc:2:    grunt_orc_gardens, layout_diamond_mine, grunt_orc_garden,
          grunt_orc_garden, grunt_orc_garden, grunt_orc_garden,
          gammafunk_ghost_wrathful_warriors, uniq_snorg

Skill      XL: |  1  2  3  4  5  6  7  8  9 10 11 12 13 14 |
---------------+-------------------------------------------+-----
Earth Magic    | 4 5 6 7 9 11 12 13 14 | 14.2
Conjurations   | 1 2 4 5 6 |  6.3
Spellcasting   | 4 5 7 8 9 11 | 11.8
Shields        | 2 3 4 |  4.0
Fighting       | 2 3 4 5 6 7 |  7.0
Dodging        | 4 5 7 8 10 | 10.7
Stealth        | 4 6 7 9 10 11 | 11.4
Summonings     | 3 5 6 7 |  7.2
Ice Magic      | 3 5 |  5.5
Evocations     | 3 5 7 |  7.9
Air Magic      | 1 2 |  2.5
Transmutations | |  1.1

Action                   |  1- 3 |  4- 6 |  7- 9 | 10-12 | 13-15 || total
-------------------------+-------+-------+-------+-------+-------++-------
Melee: Unarmed           |     1 |       |       |       |       ||     1
       Rapier            |     5 |    11 |       |       |       ||    16
       Short sword       |       |       |     3 |    96 |    51 ||   150
       Staff             |       |       |       |    17 |    33 ||    50
 Cast: Sandblast         |    43 |    59 |    34 |    74 |    87 ||   297
       Stone Arrow       |     1 |    12 |    45 |   127 |    79 ||   264
       Passwall          |       |     1 |       |     2 |     3 ||     6
       Lee's Rapid Decon |       |       |    21 |   169 |   111 ||   301
       Summon Ice Beast  |       |       |       |    27 |    33 ||    60
       Mephitic Cloud    |       |       |       |     3 |     2 ||     5
       Summon Lightning  |       |       |       |     6 |    26 ||    32
       Iskenderun's Myst |       |       |       |       |    46 ||    46
       Ozocubu's Armour  |       |       |       |       |     2 ||     2
 Abil: Evoke Blink       |       |       |       |    11 |     5 ||    16
Evoke: Wand              |       |       |       |     1 |     5 ||     6
  Use: Scroll            |       |    12 |     8 |    10 |    10 ||    40
       Potion            |       |       |       |     1 |     1 ||     2
 Stab: Sleeping          |       |     4 |     1 |       |     2 ||     7
       Distracted        |       |       |       |     1 |       ||     1
       Confused          |       |       |       |       |     1 ||     1
Armor: Robe              |     1 |     5 |     2 |       |       ||     8
       Steam dragon scal |       |       |     4 |    51 |    36 ||    91
Dodge: Dodged            |    12 |    19 |    18 |   266 |   265 ||   580
       Repelled          |       |       |       |       |     3 ||     3
Block: Buckler           |       |       |       |    19 |    18 ||    37
